 Dungeon Crawl Stone Soup version 0.22-a0-580-gd5db89c (webtiles) character file.

2711 toffzen the Thaumaturge (level 9, 0/66 HPs)
             Began as a Gnoll Wizard on July 3, 2018.
             Was a Follower of Ashenzari.
             Slain by Joseph
             ... wielding a +0 quarterstaff
              (14 damage)
             ... on level 8 of the Dungeon.
             The game lasted 00:30:09 (11052 turns).

toffzen the Thaumaturge (Gnoll Wizard)             Turns: 11052, Time: 00:30:09

Health: 0/66       AC:  2    Str:  9    XL:     9   Next: 66%
Magic:  0/21       EV: 16    Int: 23    God:    Ashenzari [*.....]
Gold:   357        SH:  5    Dex: 15    Spells: 14/25 levels left

rFire    + . .     SeeInvis .   H - +0 spear
rCold    + + .     Gourm    .   B - +0 buckler
rNeg     . . .     Faith    .   a - +0 robe
rPois    .         Spirit   .   b - +0 hat
rElec    .         Reflect  .   P - scarf {rC+ rF+}
rCorr    +         Harm     .   (no gloves)
MR       .....                  (no boots)
Stlth    +++.......             j - amulet of rage
HPRegen  0.21/turn              c - ring of protection from cold (curse)
MPRegen  0.17/turn              g - ring of resist corrosion (curse)

@: no status effects
A: distributed training, fangs 1, strong nose
a: Curse Item, Scrying, Renounce Religion, Evoke Berserk Rage


You were on level 8 of the Dungeon.
You worshipped Ashenzari.
Ashenzari was aware of your devotion.
You were not hungry.

You visited 2 branches of the dungeon, and saw 9 of its levels.

You collected 357 gold pieces.

Inventory:

Hand Weapons
 u - a +8 club
 x - a +0 hunting sling of flaming
 y - a cursed -2 dagger
 H - a +0 spear (weapon)
Missiles
 o - 343 stones (quivered)
 r - 2 throwing nets
 C - 41 sling bullets
 G - 8 poisoned needles
Armour
 a - a +0 robe (worn)
 b - a +0 hat (worn)
 B - a +0 buckler (worn)
 D - a cursed +0 leather armour
 P - a scarf of resistance (worn)
Jewellery
 c - a cursed ring of protection from cold (left hand)
 g - a cursed ring of resist corrosion (right hand)
 j - an amulet of rage (around neck)
Wands
 q - a wand of digging (9)
 t - a wand of paralysis (21)
 z - a wand of acid (2)
 J - a wand of clouds (7)
Scrolls
 f - a scroll of blinking {unknown}
 i - 2 scrolls of enchant armour
 k - 3 scrolls of teleportation
 l - 2 scrolls of fear
 m - 2 scrolls of remove curse
 s - a scroll of enchant weapon {unknown}
 v - 2 scrolls of random uselessness {unknown}
 I - a scroll of amnesia {unknown}
 L - a scroll of immolation {unknown}
 M - a scroll of identify
 O - 2 scrolls of vulnerability {unknown}
Potions
 e - 2 potions of invisibility
 h - 3 potions of might
 n - 2 potions of curing
 p - 2 potions of mutation
 w - 2 potions of heal wounds
 A - a potion of berserk rage
 E - 2 potions of resistance
 F - 2 potions of flight
 K - a potion of brilliance {unknown}
Comestibles
 d - 16 rations


   Skills:
 + Level 4.3 Fighting
 + Level 4.3 Short Blades
 + Level 4.3 Long Blades
 + Level 4.3 Axes
 + Level 4.3 Maces & Flails
 + Level 4.3 Polearms
 + Level 4.3 Staves
 + Level 4.3 Slings
 + Level 4.3 Bows
 + Level 4.3 Crossbows
 + Level 4.3 Throwing
 + Level 4.3 Armour
 + Level 6.4 Dodging
 + Level 6.1 Stealth
 + Level 4.3 Shields
 + Level 4.3 Unarmed Combat
 + Level 8.5 Spellcasting
 + Level 4.2 Conjurations
 + Level 3.6 Hexes
 + Level 3.6 Charms
 + Level 4.2 Summonings
 + Level 3.6 Necromancy
 + Level 4.2 Translocations
 + Level 3.6 Transmutations
 + Level 3.6 Fire Magic
 + Level 3.6 Ice Magic
 + Level 3.6 Air Magic
 + Level 3.6 Earth Magic
 + Level 3.6 Poison Magic
 + Level 4.8 Invocations
 + Level 4.3 Evocations


You had 14 spell levels left.
You knew the following spells:

 Your Spells              Type           Power        Failure   Level  Hunger
a - Magic Dart            Conj           ####         1%          1    None
b - Call Imp              Summ           ####....     1%          2    None
c - Conjure Flame         Conj/Fire      ####....     4%          3    None
d - Blink                 Tloc           N/A          1%          2    None
e - Mephitic Cloud        Conj/Pois/Air  ####....     4%          3    None

Your spell library contained the following spells:

 Spells                   Type           Power        Failure   Level  Hunger
 Slow                     Hex            ####....     2%          2    None
 Venom Bolt               Conj/Pois      ####......   36%         5    #####..
 Olgreb's Toxic Radiance  Pois           ####....     16%         4    ##.....
 Sting                    Conj/Pois      ####         1%          1    None
 Poisonous Vapours        Pois/Air       ####..       2%          2    None


Dungeon Overview and Level Annotations

Branches:
Dungeon (8/15)             Temple (1/1) D:5
   Lair: D:8-11

Altars:
Ashenzari
Cheibriados
Dithmenos
Elyvilon
Fedhas
Gozag
Hepliaklqana
Kikubaaqudgha
Makhleb
Nemelex Xobeh
Qazlal
Ru
Sif Muna
Trog
Uskayaw
Vehumet
Wu Jian
Xom
Yredelemnul
Zin
The Shining One

Shops:
D:7 [

Annotations:
D:4 Edmund, Natasha
D:8 Joseph, Prince Ribbit


Innate Abilities, Weirdness & Mutations

Your experience applies equally to all skills.
You have very sharp teeth.
Your uncanny sense of smell can sniff out nearby items.


Message History

The magic dart hits Prince Ribbit.
Prince Ribbit is severely wounded.
Joseph seems less confused.
Prince Ribbit hits you!!
* * * LOW HITPOINT WARNING * * *
You block the hound's attack. Prince Ribbit closely misses you.
Your crimson imp hits Prince Ribbit.
You block Joseph's attack.
Casting: Magic Dart (safe; 1% risk of failure)
Confirm with . or Enter, or press ? or * to list all spells.
You don't have enough magic to cast that spell.
You block the hound's attack. The kobold zombie misses you.
Prince Ribbit catches a butterfly with his tongue.
Prince Ribbit casts a spell.
Prince Ribbit looks slightly unstable.
The hound bites you.
* * * LOW HITPOINT WARNING * * *
Your crimson imp closely misses Prince Ribbit.
Casting: Magic Dart (safe; 1% risk of failure)
Confirm with . or Enter, or press ? or * to list all spells.
You don't have enough magic to cast that spell.
Prince Ribbit blinks!
Joseph hits you with a quarterstaff!
You die...

## #......# #.......#
####......############.......####
..........'..........'.........>#
####......############.......##.#
...#......## ##########.#
...#.....).####### ####.#
...#.......##.$..# #.....
...#.......##..F.# #....#
...####....##..@@######## #....#
...# #....##..§hZ....... #....#
#### #....##..5......... #....#
.# #....##............ #....# .##
#....##............ #....# ..#
#.#####............ #....# #.##
#.# #............ #....#
#..####.# ............. #....#
##......# #.........#### #.....


You could see Joseph, Prince Ribbit, a hound, a kobold zombie and a friendly
crimson imp.

Vanquished Creatures
  A two-headed ogre (D:8)
  2 sky beasts (D:6)
  An ice beast (D:5)
  An orc warrior (D:6)
  3 ogres
  A phantom (D:8)
  2 centaurs
  A gnoll sergeant (D:2)
  2 bullfrogs
  A crimson imp (D:7)
  A bullfrog zombie (D:6)
  3 hounds
  2 orc priests
  2 orc wizards
  Jessica (D:3)
  A centaur skeleton (D:5)
  Natasha (D:4)
  A killer bee zombie (D:6)
  A hound skeleton (D:5)
  A hound zombie (D:7)
  A worker ant zombie (D:7)
  8 gnolls
  A howler monkey skeleton (D:5)
  7 adders
  An ooze (D:3)
  3 adder zombies
  A worm (D:2)
  2 dart slugs
  A leopard gecko (D:6)
  12 orcs
  A giant cockroach (D:4)
  4 goblins
  4 hobgoblins
  6 jackals
  5 kobolds
  5 quokkas
  2 ball pythons
  5 bats (D:2)
  6 frilled lizards
  5 rats
109 creatures vanquished.

Vanquished Creatures (collateral kills)
  Sigmund (D:2)
  An ice beast (D:7)
  4 ogres
  3 scorpions
  A crimson imp (D:8)
  A centaur zombie (D:6)
  2 jellies
  2 orc priests
  An iguana (D:7)
  A worker ant (D:7)
  Ijyb (D:3)
  Natasha (D:4)
  2 orc wizards (D:5)
  3 gnolls (D:2)
  An adder skeleton (D:5)
  3 worms
  2 orcs
  A giant cockroach (D:2)
  3 jackals
  2 frilled lizards (D:2)
36 creatures vanquished.

Grand Total: 145 creatures vanquished

Notes
Turn   | Place    | Note
-------+----------+-------------------------------------------
     0 | D:1      | toffzen the Gnoll Wizard began the quest for the Orb.
     0 | D:1      | Reached XP level 1. HP: 13/13 MP: 8/8
   424 | D:1      | Reached XP level 2. HP: 19/19 MP: 8/10
   428 | D:1      | Learned a level 2 spell: Call Imp
   663 | D:2      | Reached XP level 3. HP: 17/25 MP: 5/11
   936 | D:2      | Learned a level 3 spell: Conjure Flame
  1196 | D:2      | Reached skill level 1 in Invocations
  1352 | D:2      | Noticed Sigmund
  1378 | D:2      | Killed Sigmund
  1378 | D:2      | Reached skill level 1 in Fighting
  1378 | D:2      | Reached skill level 1 in Short Blades
  1378 | D:2      | Reached skill level 1 in Long Blades
  1378 | D:2      | Reached skill level 1 in Axes
  1378 | D:2      | Reached skill level 1 in Maces & Flails
  1378 | D:2      | Reached skill level 1 in Polearms
  1378 | D:2      | Reached skill level 1 in Staves
  1378 | D:2      | Reached skill level 1 in Slings
  1378 | D:2      | Reached skill level 1 in Bows
  1378 | D:2      | Reached skill level 1 in Crossbows
  1378 | D:2      | Reached skill level 1 in Throwing
  1378 | D:2      | Reached skill level 1 in Armour
  1378 | D:2      | Reached skill level 1 in Shields
  1378 | D:2      | Reached skill level 1 in Unarmed Combat
  1378 | D:2      | Reached skill level 1 in Hexes
  1378 | D:2      | Reached skill level 1 in Charms
  1378 | D:2      | Reached skill level 1 in Necromancy
  1378 | D:2      | Reached skill level 1 in Transmutations
  1378 | D:2      | Reached skill level 1 in Fire Magic
  1378 | D:2      | Reached skill level 1 in Ice Magic
  1378 | D:2      | Reached skill level 1 in Air Magic
  1378 | D:2      | Reached skill level 1 in Earth Magic
  1378 | D:2      | Reached skill level 1 in Poison Magic
  1378 | D:2      | Reached skill level 1 in Evocations
  1378 | D:2      | Reached XP level 4. HP: 32/32 MP: 8/13
  1378 | D:2      | Reached XP level 5. HP: 37/37 MP: 8/14
  2081 | D:2      | Reached XP level 6. HP: 44/44 MP: 5/16
  2466 | D:3      | Learned a level 2 spell: Blink
  2470 | D:3      | Learned a level 3 spell: Mephitic Cloud
  2618 | D:3      | Noticed Ijyb
  2639 | D:3      | Paralysed by Ijyb for 6 turns
  2650 | D:3      | Killed Ijyb
  2842 | D:3      | Noticed Jessica
  2853 | D:3      | Killed Jessica
  3060 | D:3      | Reached skill level 5 in Dodging
  3369 | D:3      | Found an iron altar of Okawaru.
  3692 | D:3      | Found a burning altar of Makhleb.
  3692 | D:3      | Found a shimmering altar of Xom.
  3694 | D:3      | Found a blossoming altar of Fedhas.
  3694 | D:3      | Found an iron altar of Okawaru.
  3694 | D:3      | Found a sparkling altar of Nemelex Xobeh.
  3881 | D:4      | Found a burning altar of Makhleb.
  4084 | D:4      | Reached XP level 7. HP: 50/50 MP: 9/18
  4243 | D:4      | Noticed Natasha
  4250 | D:4      | Killed Natasha
  4389 | D:4      | Noticed Natasha
  4452 | D:4      | Killed Natasha
  4564 | D:4      | Noticed Edmund
  4577 | D:4      | Noticed Natasha
  4992 | D:5      | Entered Level 5 of the Dungeon
  5531 | D:5      | Reached skill level 5 in Stealth
  5736 | D:5      | Reached XP level 8. HP: 50/57 MP: 12/19
  5794 | D:5      | Found a staircase to the Ecumenical Temple.
  5803 | Temple   | Entered the Ecumenical Temple
  5890 | Temple   | Became a worshipper of Ashenzari the Shackled
  7529 | D:6      | Reached skill level 8 in Spellcasting
  8339 | D:6      | Reached XP level 9. HP: 65/65 MP: 11/21
  8718 | D:7      | Found a flagged portal.
  8724 | D:7      | Found Kec Kew's Antique Armour Boutique.
  9823 | D:7      | Reached * piety under Ashenzari
  9960 | D:8      | Noticed a two-headed ogre
  9974 | D:8      | Killed a two-headed ogre
 10211 | D:8      | Noticed a two-headed ogre
 10214 | D:8      | Noticed a two-headed ogre
 10933 | D:8      | Noticed Joseph
 11030 | D:7      | You fall through a shaft!
 11031 | D:8      | Noticed Prince Ribbit
 11052 | D:8      | Slain by Joseph

Vault maps used:
D:1:      co_arrival_square_in_a_square_in_a_square
D:2:      first_ration, uniq_sigmund
D:3:      doesnt_xom_only_xom, uniq_ijyb, uniq_jessica
D:4:      hangedman_abyss_or_decor_slice, makhleb_blood_cavern_becter,
          uniq_edmund, uniq_natasha
D:5:      minmay_temple_entry_overgrown, st_stairs_8, minmay_parallelograms
D:6:      kennysheep_generic_room_3
D:7:      enter_bailey_2, serial_shops, nicolae_shop_stone, grunt_ogre_cave
D:8:      enter_ossuary_3, uniq_prince_ribbit1, uniq_joseph
Temple:   dpeg_three_leaves_temple

Skill      XL: |  1  2  3  4  5  6  7  8  9 |
---------------+----------------------------+-----
Conjurations   | 2 3 4 |  4.2
Summonings     | 2 3 4 |  4.2
Translocations | 2 3 4 |  4.2
Invocations    | 1 2 3 4 |  4.8
Fighting       | 1 2 3 4 |  4.3
Short Blades   | 1 2 3 4 |  4.3
Long Blades    | 1 2 3 4 |  4.3
Axes           | 1 2 3 4 |  4.3
Maces & Flails | 1 2 3 4 |  4.3
Polearms       | 1 2 3 4 |  4.3
Staves         | 1 2 3 4 |  4.3
Slings         | 1 2 3 4 |  4.3
Bows           | 1 2 3 4 |  4.3
Crossbows      | 1 2 3 4 |  4.3
Throwing       | 1 2 3 4 |  4.3
Armour         | 1 2 3 4 |  4.3
Shields        | 1 2 3 4 |  4.3
Unarmed Combat | 1 2 3 4 |  4.3
Hexes          | 1 2 3 |  3.6
Charms         | 1 2 3 |  3.6
Necromancy     | 1 2 3 |  3.6
Transmutations | 1 2 3 |  3.6
Fire Magic     | 1 2 3 |  3.6
Ice Magic      | 1 2 3 |  3.6
Air Magic      | 1 2 3 |  3.6
Earth Magic    | 1 2 3 |  3.6
Poison Magic   | 1 2 3 |  3.6
Evocations     | 1 2 3 4 |  4.3
Dodging        | 5 6 |  6.4
Stealth        | 5 6 |  6.1
Spellcasting   | 8 |  8.5

Action                   |  1- 3 |  4- 6 |  7- 9 || total
-------------------------+-------+-------+-------++-------
Melee: Whip              |     1 |       |       ||     1
       Spear             |       |     1 |    59 ||    60
       Bite              |       |       |     7 ||     7
       Club              |       |       |     1 ||     1
 Cast: Magic Dart        |    48 |   107 |   296 ||   451
       Call Imp          |     3 |    18 |    60 ||    81
       Conjure Flame     |       |    14 |    14 ||    28
       Mephitic Cloud    |       |     1 |    33 ||    34
       Blink             |       |     1 |     3 ||     4
Invok: Curse Item        |       |       |     2 ||     2
Evoke: Wand              |       |       |     3 ||     3
  Use: Scroll            |       |       |    14 ||    14
 Stab: Sleeping          |     1 |       |       ||     1
       Distracted        |       |       |     1 ||     1
  Eat: Chunk             |     1 |     8 |     2 ||    11
       Ration            |       |       |     6 ||     6
Armor: Robe              |       |     2 |    13 ||    15
Dodge: Dodged            |     7 |    14 |   120 ||   141
Block: Buckler           |       |       |    42 ||    42

Table legend:
 A = Spawn XP
 B = Non-spawn XP
 C = Spawn XP percentage of total XP
 D = Spawn monster count
 E = Non-spawn monster count
 F = Spawn count percentage of total count
 G = Total turns spent on level
                    A         B        C        D         E        F      G
               +---------+---------+-------+---------+---------+-------+---------
         Total |       0 |    3874 |   0.0 |       0 |     145 |   0.0 | 11052
               +---------+---------+-------+---------+---------+-------+---------
           D:1 |       0 |      11 |   0.0 |       0 |       7 |   0.0 |   467
           D:2 |       0 |     342 |   0.0 |       0 |      31 |   0.0 |  2002
           D:3 |       0 |     185 |   0.0 |       0 |      17 |   0.0 |  1305
           D:4 |       0 |     303 |   0.0 |       0 |      16 |   0.0 |  1333
           D:5 |       0 |     799 |   0.0 |       0 |      24 |   0.0 |  2111
           D:6 |       0 |     759 |   0.0 |       0 |      24 |   0.0 |  1413
           D:7 |       0 |     471 |   0.0 |       0 |      14 |   0.0 |  1344
           D:8 |       0 |    1004 |   0.0 |       0 |      12 |   0.0 |   980
               +---------+---------+-------+---------+---------+-------+---------
